[Event "Titled Tuesday Blitz December 06 Late 2022"]
[White "Walentukiewicz, Michal"]
[Black "Poliakova, Varvara"]
[WhiteFideId "1126903"]
[BlackFideId "13518313"]
[WhiteElo "2028"]
[BlackElo "2075"]
[Result "1/2-1/2"]
[Round "11"]
[TimeControl "180+1"]
[Date "2022.12.06"]
[WhiteClock "0:01:22"]
[BlackClock "0:00:55"]

1. g3 f5 2. Bg2 Nf6 3. Nf3 d6 4. O-O g6 5. d3 Bg7 6. c4 e5 7. Nc3 O-O 8. Rb1 Nc6 9. b4 h6 10. b5 Ne7 11. c5 g5 12. cxd6 cxd6 13. Qb3+ Kh7 14. Ba3 f4 15. Nd2 Nf5 16. Nde4 Nd4 17. Qd1 Nxe4 18. Nxe4 Bg4 19. f3 Bd7 20. Bxd6 Rf7 21. a4 Bf5 22. Ba3 Bxe4 23. fxe4 Qd7 24. gxf4 exf4 25. Bb2 Qg4 26. Bxd4 Bxd4+ 27. Kh1 Be3 28. Bf3 Qh4 29. Qe1 Qh3 30. Bg2 Qh5 31. Bf3 g4 32. Bg2 g3 33. h3 Rc8 34. Qd1 Rfc7 35. Qb3 Qxe2 36. Qd5 Rc2 37. Qf7+ Kh8 38. Qf6+ Kh7 39. Qf7+ Kh8 40. Qf6+ Kh7 41. Qf7+ 1/2-1/2


[Site "https://www.chess.com"]

[Event "Titled Tuesday Blitz December 06 Late 2022"]
[White "Womacka, Mathias"]
[Black "Storey, Charles H"]
[WhiteFideId "4611390"]
[BlackFideId "406686"]
[WhiteElo "2377"]
[BlackElo "2251"]
[Result "0-1"]
[Round "11"]
[TimeControl "180+1"]
[Date "2022.12.07"]
[WhiteClock "0:00:06"]
[BlackClock "0:00:10"]

1. e4 g6 2. d4 Bg7 3. Nc3 c5 4. dxc5 Bxc3+ 5. bxc3 Nf6 6. Qd4 Nc6 7. Qa4 b6 8. cxb6 Bb7 9. Bd3 axb6 10. Qb3 Ne5 11. f3 O-O 12. Ne2 d5 13. exd5 Bxd5 14. Qb4 Bc6 15. Nd4 Bb7 16. O-O Nd5 17. Qb3 Rc8 18. Nb5 Ba6 19. c4 Nc7 20. Bb2 Nxd3 21. cxd3 Bxb5 22. cxb5 Qd5 23. Qxd5 Nxd5 24. Rfc1 Nb4 25. Rxc8 Rxc8 26. Bd4 Nd5 27. a4 Ra8 28. Kf2 f6 29. Ke2 e5 30. Bb2 Kf7 31. g3 Ke6 32. d4 Rc8 33. Kd3 Nb4+ 34. Ke3 Nc2+ 35. Kd3 Nxa1 36. Bxa1 Ra8 37. dxe5 fxe5 38. f4 exf4 39. gxf4 Rxa4 40. Bd4 Rb4 41. Bxb6 Rxb5 42. Be3 Kf5 43. Ke2 Ke4 44. Bf2 Rb2+ 45. Kf1 Kxf4 46. Bd4 Rc2 47. h3 Kf3 48. Kg1 Kg3 49. Kf1 Kxh3 50. Be5 Ra2 51. Kg1 h5 52. Kf1 g5 53. Bf6 g4 54. Be5 h4 55. Bf6 g3 56. Be5 Kg4 57. Ke1 h3 58. Kf1 Rc2 59. Ke1 Rc5 60. Bd4 Rb5 61. Ke2 Rb7 62. Ke3 Rd7 63. Ke4 Rf7 64. Be5 Rf3 65. Bxg3 Rxg3 66. Ke5 h2 0-1


[Site "https://www.chess.com"]

[Event "Titled Tuesday Blitz December 06 Late 2022"]
[White "Xiong, Jeffery"]
[Black "Sadhwani, Raunak"]
[WhiteFideId "2047640"]
[BlackFideId "35093487"]
[WhiteElo "2726"]
[BlackElo "2657"]
[Result "1-0"]
[Round "11"]
[TimeControl "180+1"]
[Date "2022.12.06"]
[WhiteClock "0:00:02"]
[BlackClock "0:00:01"]

1. e4 e5 2. Nf3 Nc6 3. Nc3 Nf6 4. d4 exd4 5. Nxd4 Bb4 6. Nxc6 bxc6 7. Bd3 O-O 8. O-O d5 9. exd5 cxd5 10. h3 Rb8 11. Qf3 Rb6 12. Rd1 Bb7 13. a3 Be7 14. Qg3 d4 15. Na4 Re6 16. Bf5 Bd6 17. Qb3 Bd5 18. Qd3 Be4 19. Bxe4 Nxe4 20. Qxd4 Qe8 21. Be3 Ng3 22. Qd3 Qxa4 23. fxg3 Bxg3 24. Bc5 Bd6 25. Bxd6 Rxd6 26. Qb3 Qd7 27. Rxd6 Qxd6 28. Re1 h5 29. Qe3 g6 30. Qxa7 c5 31. Qa4 Qd2 32. Rf1 Qe3+ 33. Kh1 Qe2 34. Kg1 Qe3+ 35. Kh1 Qe2 36. Rf3 Qe1+ 37. Kh2 Qe5+ 38. Qf4 Qxb2 39. c4 Qb7 40. Qe5 Rc8 41. a4 Qa7 42. Qd5 Qc7+ 43. Kh1 Re8 44. Rf1 Re7 45. Qd2 Rd7 46. Qc3 Qc6 47. a5 Ra7 48. Ra1 Ra6 49. Qb3 Qc8 50. Qb5 h4 51. Rf1 Kg7 52. Qb2+ Kg8 53. Qb5 Kg7 54. Rf4 g5 55. Rf1 f6 56. Rd1 Kh6 57. Rd5 Re6 58. Qb1 Qe8 59. Kh2 Re1 60. Qb6 Qe7 61. Rf5 Kg6 62. Qxc5 Qe6 63. Rf3 Qe2 64. Qf5+ Kh5 65. Qh7# 1-0


[Site "https://www.chess.com"]

[Event "Titled Tuesday Blitz December 06 Late 2022"]
[White "Yoo, Christopher Woojin"]
[Black "Aghasiyev, Kamal"]
[WhiteFideId "30909694"]
[BlackFideId "13402854"]
[WhiteElo "2463"]
[BlackElo "2341"]
[Result "1-0"]
[Round "11"]
[TimeControl "180+1"]
[Date "2022.12.06"]
[WhiteClock "0:00:41"]
[BlackClock "0:00:15"]

1. d4 d5 2. Nf3 Nf6 3. c4 e6 4. Qc2 Be7 5. Bf4 O-O 6. Nbd2 c5 7. dxc5 Nc6 8. e3 Qa5 9. Be2 Qxc5 10. O-O dxc4 11. Qxc4 Bd7 12. Rfd1 Rac8 13. Rac1 Na5 14. Qxc5 Bxc5 15. Rxc5 Rxc5 16. b4 Rc2 17. bxa5 Rxa2 18. Rb1 Rxa5 19. Rxb7 Ra1+ 20. Bf1 Bc6 21. Rb2 Bxf3 22. gxf3 Nd5 23. Nb3 Rd1 24. Bg3 f5 25. Be5 Nb4 26. Nc5 a5 27. Kg2 Rc8 28. Nxe6 Rcc1 29. Be2 Rg1+ 30. Kh3 Rc6 31. Rd2 Rxe6 32. Bc4 Kf7 33. Rd7+ Kf8 34. Bxe6 1-0


[Site "https://www.chess.com"]

[Event "Titled Tuesday Blitz December 06 Late 2022"]
[White "Yuan, Qingyu"]
[Black "Drozdowski, Kacper"]
[WhiteFideId "8609772"]
[BlackFideId "1136720"]
[WhiteElo "2359"]
[BlackElo "2486"]
[Result "0-1"]
[Round "11"]
[TimeControl "180+1"]
[Date "2022.12.06"]
[WhiteClock "0:00:07"]
[BlackClock "0:00:08"]

1. e4 c5 2. Nf3 e6 3. d4 cxd4 4. Nxd4 a6 5. c4 Nf6 6. Nc3 Bb4 7. Qd3 Nc6 8. Nxc6 dxc6 9. Qxd8+ Kxd8 10. Bg5 e5 11. O-O-O+ Ke7 12. f3 Bc5 13. Na4 Bd4 14. Rxd4 exd4 15. e5 Bf5 16. c5 Rad8 17. Bc4 Rhe8 18. exf6+ gxf6 19. Bf4 Be6 20. Bd3 h5 21. b3 Rg8 22. g3 Rde8 23. Kd2 Bd5 24. Rf1 Kd8 25. Nb6 Be6 26. Bh7 Rh8 27. Be4 f5 28. Bd3 f6 29. h4 Ke7 30. Re1 Kf7 31. Rd1 a5 32. Nc4 Bxc4 33. Bxc4+ Kg6 34. Kc2 Rd8 35. Bd6 Rhe8 36. Rxd4 Re1 37. Bd3 Kf7 38. Bxf5 Re2+ 39. Kb1 Rde8 40. Be4 Rg2 41. Bf4 f5 42. Rd7+ Kg8 43. Bc2 Re1+ 44. Rd1 Ree2 45. Rc1 Rgf2 46. a4 Kf7 47. Kb2 Rxf3 48. Rd1 Rff2 49. Rc1 Rg2 50. Bc7 Ref2 51. Be5 Re2 52. Bf4 Ref2 53. Kb1 Re2 54. Bd6 Ref2 55. Be5 Re2 56. Bb2 Rxg3 57. Bxf5 Rxb3 58. Rc2 Rxc2 59. Kxc2 Rb4 60. Bc3 Rxa4 61. Bc8 Ke7 62. Bxb7 Kd7 63. Ba6 Rxh4 64. Be2 Rh2 65. Kd3 a4 66. Bb4 h4 67. Bg4+ Kc7 68. Ba5+ Kb7 69. Kc4 Rg2 70. Bd7 a3 71. Bc3 a2 72. Kb3 Rg3 73. Kb2 Rxc3 74. Kxa2 Rg3 75. Kb2 h3 76. Bf5 h2 77. Be4 Rg1 78. Kc3 h1=Q 79. Bxh1 Rxh1 0-1


[Site "https://www.chess.com"]

[Event "Titled Tuesday Blitz December 06 Late 2022"]
[White "Yurasova, Daria"]
[Black "Gasparyan, David"]
[WhiteFideId "34146919"]
[BlackFideId "13311980"]
[WhiteElo "2098"]
[BlackElo "2402"]
[Result "0-1"]
[Round "11"]
[TimeControl "180+1"]
[Date "2022.12.07"]
[WhiteClock "0:01:44"]
[BlackClock "0:01:33"]

1. d4 d6 2. Nf3 Nd7 3. g3 a5 4. Bg2 e5 5. O-O Ngf6 6. dxe5 dxe5 7. c4 Be7 8. Nc3 c6 9. b3 Qc7 10. Bb2 O-O 11. Qc1 Nc5 12. Rd1 Bf5 13. Qe3 Ng4 14. Qc1 Rfe8 15. h3 Nf6 16. Nd2 Rad8 17. Nf1 Rxd1 18. Qxd1 Rd8 19. Qc1 Ne6 20. Ne3 Bg6 21. Qe1 Nd4 22. Rd1 h5 23. h4 Kh7 24. Na4 Bb4 25. Qf1 b5 26. Nc3 bxc4 27. Nxc4 Ng4 28. Ne4 Qd7 0-1


[Site "https://www.chess.com"]

[Event "Titled Tuesday Blitz December 06 Late 2022"]
[White "Zhigalko, Sergei"]
[Black "Stoleriu, George"]
[WhiteFideId "13502956"]
[BlackFideId "1227505"]
[WhiteElo "2662"]
[BlackElo "2287"]
[Result "1-0"]
[Round "11"]
[TimeControl "180+1"]
[Date "2022.12.06"]
[WhiteClock "0:00:05"]
[BlackClock "0:00:04"]

1. e4 c6 2. d4 d5 3. e5 Bf5 4. Nf3 e6 5. Be2 c5 6. Be3 Qb6 7. Nc3 Nc6 8. dxc5 Bxc5 9. Bxc5 Qxc5 10. Nb5 Kf8 11. Nbd4 Nge7 12. O-O Rc8 13. c3 h6 14. Re1 Bh7 15. Bd3 Kg8 16. h4 a6 17. h5 b5 18. a4 Bxd3 19. Qxd3 b4 20. Rac1 Qb6 21. Nxc6 Rxc6 22. c4 dxc4 23. Rxc4 Nd5 24. Rec1 Rxc4 25. Rxc4 Qb7 26. Qc2 g5 27. hxg6 Kg7 28. gxf7 Kxf7 29. Rg4 Ne7 30. Rf4+ Kg7 31. Nd4 Qd5 32. Qe2 Rg8 33. Qxa6 Kh8 34. Nf3 Ng6 35. Rf6 Kh7 36. Qe2 Qd1+ 37. Qxd1 Rg7 38. Qd3 1-0